Match 42935703
Unlisted
Match 42935703
End
Construct Barracks
Selects Airborne Battlegroup
Selects Heavy Machine Gun Paradrop
Selects Smoke Bombing Run
Selects Heavy Machine Gun Paradrop
Heavy Machine Gun Paradrop
1⁄4-ton 4x4 Truck
Heavy Machine Gun Paradrop
Construct Weapon Support Center
Bazooka Squad
Air Support Center
Selects Paratrooper Squad Paradrop
Selects Smoke Bombing Run
Smoke Bombing Run
Paratrooper Squad Paradrop
M3 Armored Personnel Carrier
Smoke Bombing Run
Paratrooper Squad Paradrop
P-47 Strafing Run
Selects Supply Drop
Supply Drop
Double Sortie
M3 Armored Personnel Carrier
Grasshopper Recon Run
P-47 Strafing Run
Construct Tank Depot
P-47 Dive Bomb
Supply Drop
P-47 Strafing Run
M18 Hellcat Tank Destroyer
Supply Drop
P-47 Dive Bomb
M18 Hellcat Tank Destroyer
P-47 Strafing Run
Selects Carpet Bombing Run
Grasshopper Recon Run
Carpet Bombing Run
Selects Anti-tank Gun Team Paradrop
Supply Drop
Air Supremacy
Improved Aircraft Armor
Advanced Air Reconnaissance
Grasshopper Recon Run
P-47 Dive Bomb
P-47 Strafing Run
Supply Drop
Grasshopper High-Altitude Recon Run
P-47 Dive Bomb
P-47 Strafing Run
Carpet Bombing Run
P-47 Strafing Run
Paratrooper Squad Paradrop
Heavy Machine Gun Paradrop
Supply Drop
Carpet Bombing Run
Supply Drop
Grasshopper High-Altitude Recon Run
P-47 Dive Bomb
P-47 Strafing Run
Supply Drop
M18 Hellcat Tank Destroyer
P-47 Strafing Run
P-47 Dive Bomb
P-47 Strafing Run
Supply Drop
P-47 Strafing Run
P-47 Dive Bomb
M18 Hellcat Tank Destroyer
Supply Drop
Engineer Squad
Grasshopper High-Altitude Recon Run
Grasshopper High-Altitude Recon Run
P-47 Dive Bomb
P-47 Strafing Run
Smoke Bombing Run
M18 Hellcat Tank Destroyer
M18 Hellcat Tank Destroyer
Supply Drop
Grasshopper High-Altitude Recon Run
Carpet Bombing Run
P-47 Strafing Run
Supply Drop
Grasshopper High-Altitude Recon Run
Carpet Bombing Run
M18 Hellcat Tank Destroyer
M18 Hellcat Tank Destroyer
Supply Drop
P-47 Strafing Run
Bob/TTV.Bob
CHINA津门虎
Салофоб
ssacharov
88-939-16-Delta
Tiger
blyat:-(
XIAO_OvO
0
0
Comments sign in to comment!
No comments posted yet!